[ AOE2 MATCH · #475222838 ]
UnrankedMagyars vs Saracens
[ REPLAY ANALYSIS · EXTRACTED FROM THE RECORDED GAME ]
Feudal
12:18
Castle
22:56
Imperial
—
| APM avg | 44.4 |
| APM peak | 77 |
| eAPM avg | 16.0 |
| Villagers / military | 53 / 52 |
Focus
⚔️ 36.6% · 🌾 63.4%
Galley ×32 · Unknown (2626) ×24 · Fire Galley ×20 · Fishing Ship ×10
Feudal
13:23
Castle
17:18
Imperial
—
| APM avg | 48.4 |
| APM peak | 81 |
| eAPM avg | 18.9 |
| Villagers / military | 76 / 34 |
Focus
⚔️ 33.9% · 🌾 66.1%
Archer ×33 · Fishing Ship ×11 · Mangonel ×1
Feudal
—
Castle
—
Imperial
—
| APM avg | 35.2 |
| APM peak | 103 |
| eAPM avg | 19.7 |
| Villagers / military | 63 / 20 |
Focus
⚔️ 33.6% · 🌾 66.4%
Spearman ×17 · Fishing Ship ×12 · Battering Ram ×3
Feudal
12:54
Castle
17:42
Imperial
—
| APM avg | 52.4 |
| APM peak | 113 |
| eAPM avg | 22.1 |
| Villagers / military | 65 / 4 |
Focus
⚔️ 23.9% · 🌾 76.1%
Unknown (1949) ×17 · Fishing Ship ×12 · Mangonel ×4
Feudal
—
Castle
—
Imperial
—
| APM avg | 36.9 |
| APM peak | 74 |
| eAPM avg | 19.1 |
| Villagers / military | 60 / 29 |
Focus
⚔️ 31.4% · 🌾 68.6%
Galley ×26 · Fishing Ship ×11 · Unknown (2626) ×8 · Demolition Raft ×3
Feudal
14:55
Castle
22:53
Imperial
—
| APM avg | 33.4 |
| APM peak | 54 |
| eAPM avg | 18.1 |
| Villagers / military | 61 / 12 |
Focus
⚔️ 29.3% · 🌾 70.7%
Fire Galley ×12 · Fishing Ship ×9 · Unknown (2626) ×4
Feudal
14:10
Castle
16:42
Imperial
—
| APM avg | 26.4 |
| APM peak | 43 |
| eAPM avg | 17.5 |
| Villagers / military | 68 / 33 |
Focus
⚔️ 35.4% · 🌾 64.6%
Karambit Warrior ×29 · Fishing Ship ×17 · Battering Ram ×4
Feudal
14:19
Castle
21:24
Imperial
—
| APM avg | 41.9 |
| APM peak | 69 |
| eAPM avg | 23.1 |
| Villagers / military | 78 / 30 |
Focus
⚔️ 35.8% · 🌾 64.2%
Unknown (2626) ×28 · Fishing Ship ×23 · Galley ×13 · Fire Galley ×11 · Demolition Raft ×6
Match map
Initial resources + every placement click. Lines = walls · curves = elevation contours. ◆ gold · ⬟ stone · ● berries · ✦ relic · ◌ wall gap
Your base· Open — unwalled flank
таҗик's base· Open — 12t gap
HousedAt15's base· Open — 3t gap
[CHI]InKiSiDoR's base· Open — unwalled flank
pinneda's base· Open — 14t gap
[Mushu] Elgo Lazo's base· Open — 3t gap
[BÜN] Mr. Grüezi's base· Open — 9t gap
Mati's base· Open — 6t gap
Smoothed initial terrain · ◌ = detected wall gap · hover for details
Inputs per minute
— [Mushu] el pepe - - таҗик
Build order — [Mushu] el pepe
First 150 of 162 actions detected
| 0:31 | Build | Town Center |
| 1:43 | Build | Dock |
| 1:46 | Build | House |
| 2:40 | Queue | Villager (Male) |
| 2:40 | Queue | Villager (Male) |
| 2:40 | Queue | Villager (Male) |
| 2:41 | Queue | Villager (Male) |
| 2:41 | Queue | Villager (Male) |
| 3:51 | Queue | Fishing Ship |
| 3:51 | Queue | Fishing Ship |
| 4:14 | Research | Loom |
| 4:39 | Queue | Villager (Male) |
| 4:39 | Queue | Villager (Male) |
| 4:39 | Queue | Villager (Male) |
| 4:51 | Build | House |
| 4:57 | Queue | Villager (Male) |
| 5:24 | Queue | Villager (Male) |
| 5:24 | Queue | Villager (Male) |
| 5:48 | Queue | Villager (Male) |
| 5:48 | Queue | Villager (Male) |
| 5:49 | Queue | Fishing Ship |
| 5:49 | Queue | Fishing Ship |
| 6:08 | Queue | Villager (Male) |
| 6:08 | Queue | Villager (Male) |
| 6:11 | Build | House |
| 6:37 | Queue | Villager (Male) |
| 6:47 | Queue | Fishing Ship |
| 6:47 | Queue | Fishing Ship |
| 7:07 | Build | House |
| 7:13 | Queue | Villager (Male) |
| 7:13 | Queue | Villager (Male) |
| 7:28 | Queue | Villager (Male) |
| 7:29 | Queue | Villager (Male) |
| 7:29 | Queue | Villager (Male) |
| 7:38 | Queue | Fishing Ship |
| 7:38 | Queue | Fishing Ship |
| 7:48 | Queue | Villager (Male) |
| 7:50 | Build | House |
| 8:40 | Queue | Fishing Ship |
| 8:40 | Queue | Fishing Ship |
| 8:41 | Queue | Villager (Male) |
| 9:04 | Queue | Villager (Male) |
| 9:40 | Build | Mining Camp |
| 9:41 | Queue | Villager (Male) |
| 10:06 | Research | Feudal Age |
| 10:07 | Research | Feudal Age |
| 10:10 | Build | Palisade Wall |
| 10:17 | Build | Palisade Wall |
| 10:45 | Build | House |
| 10:54 | Build | House |
| 11:07 | Build | Dock |
| 11:15 | Queue | Villager (Male) |
| 11:15 | Queue | Villager (Male) |
| 11:20 | Build | House |
| 11:25 | Build | Dock |
| 12:18 | Age | Feudal Age |
| 12:21 | Queue | Unit 2626 ×3 |
| 12:21 | Queue | Unit 2626 ×3 |
| 12:22 | Queue | Unit 2626 ×3 |
| 12:26 | Queue | Fire Galley |
| 12:27 | Queue | Unit 2626 |
| 12:35 | Build | House |
| 12:40 | Queue | Villager (Male) |
| 12:51 | Queue | Unit 2626 |
| 12:51 | Queue | Unit 2626 |
| 13:10 | Queue | Fire Galley |
| 13:11 | Queue | Fire Galley |
| 13:12 | Queue | Villager (Male) |
| 13:58 | Queue | Villager (Male) |
| 14:00 | Queue | Fire Galley |
| 14:00 | Queue | Fire Galley |
| 14:13 | Queue | Villager (Male) |
| 14:21 | Queue | Fire Galley |
| 14:21 | Queue | Fire Galley |
| 14:22 | Queue | Villager (Male) |
| 14:31 | Queue | Villager (Male) |
| 14:34 | Build | House |
| 14:36 | Build | House |
| 14:36 | Build | House |
| 14:47 | Queue | Villager (Male) |
| 14:47 | Queue | Villager (Male) |
| 14:48 | Queue | Villager (Male) |
| 14:51 | Queue | Fire Galley |
| 14:51 | Queue | Fire Galley |
| 15:19 | Queue | Villager (Male) |
| 15:21 | Queue | Fire Galley |
| 15:21 | Queue | Fire Galley |
| 15:21 | Queue | Fire Galley |
| 15:44 | Queue | Unit 2626 |
| 15:44 | Queue | Unit 2626 |
| 16:05 | Queue | Unit 2626 |
| 16:05 | Queue | Unit 2626 |
| 16:07 | Queue | Villager (Male) |
| 16:10 | Build | House |
| 16:25 | Queue | Unit 2626 |
| 16:26 | Queue | Unit 2626 |
| 16:51 | Queue | Fire Galley |
| 16:51 | Queue | Fire Galley |
| 17:13 | Queue | Villager (Male) |
| 17:13 | Queue | Villager (Male) |
| 17:37 | Queue | Fire Galley |
| 17:37 | Queue | Fire Galley |
| 17:48 | Build | Blacksmith |
| 17:49 | Queue | Villager (Male) |
| 18:46 | Build | Mill |
| 18:58 | Queue | Unit 2626 ×2 |
| 18:58 | Queue | Fire Galley ×2 |
| 19:01 | Queue | Villager (Male) |
| 19:01 | Queue | Villager (Male) |
| 19:41 | Build | Market |
| 19:53 | Queue | Villager (Male) |
| 19:54 | Queue | Unit 2626 ×2 |
| 19:55 | Queue | Unit 2626 ×2 |
| 20:14 | Research | Castle Age |
| 20:18 | Queue | Villager (Male) |
| 20:18 | Queue | Villager (Male) |
| 20:20 | Queue | Fire Galley |
| 20:20 | Queue | Fire Galley |
| 20:26 | Build | House |
| 20:27 | Build | House |
| 20:28 | Build | House |
| 20:33 | Research | Fletching |
| 20:49 | Queue | Galley |
| 20:50 | Queue | Galley |
| 21:09 | Queue | Galley ×2 |
| 21:10 | Queue | Galley ×2 |
| 21:10 | Queue | Galley ×2 |
| 21:26 | Build | Lumber Camp |
| 21:40 | Queue | Galley |
| 21:41 | Queue | Galley |
| 22:09 | Queue | Galley |
| 22:09 | Queue | Galley |
| 22:13 | Research | Double-Bit Axe |
| 22:27 | Build | Mill |
| 22:56 | Age | Castle Age |
| 23:00 | Research | War Galley (upgrade) |
| 23:20 | Research | Bodkin Arrow |
| 23:23 | Queue | Galley ×2 |
| 23:23 | Queue | Galley ×2 |
| 23:52 | Queue | Galley ×2 |
| 23:52 | Queue | Galley ×2 |
| 23:53 | Queue | Villager (Male) |
| 23:53 | Queue | Villager (Male) |
| 23:53 | Queue | Villager (Male) |
| 24:12 | Queue | Galley ×2 |
| 24:13 | Queue | Galley ×2 |
| 24:13 | Queue | Villager (Male) |
| 24:28 | Build | House |
| 24:29 | Build | House |
| 24:29 | Build | House |
Build order — таҗик
First 150 of 180 actions detected
| 0:13 | Build | Town Center |
| 1:11 | Build | Dock |
| 1:12 | Build | House |
| 1:14 | Build | Palisade Wall |
| 2:31 | Queue | Villager (Male) |
| 2:32 | Queue | Villager (Male) |
| 2:32 | Queue | Villager (Male) |
| 2:32 | Queue | Villager (Male) |
| 2:33 | Queue | Villager (Male) |
| 3:56 | Build | House |
| 4:06 | Queue | Villager (Male) |
| 4:36 | Queue | Villager (Male) |
| 4:36 | Queue | Villager (Male) |
| 4:47 | Queue | Fishing Ship |
| 4:47 | Queue | Fishing Ship |
| 5:03 | Queue | Villager (Male) |
| 5:04 | Queue | Villager (Male) |
| 5:26 | Queue | Villager (Male) |
| 5:26 | Queue | Villager (Male) |
| 5:34 | Queue | Fishing Ship |
| 5:34 | Queue | Fishing Ship |
| 5:48 | Queue | Villager (Male) |
| 5:57 | Build | House |
| 6:09 | Queue | Villager (Male) |
| 6:09 | Queue | Villager (Male) |
| 6:39 | Queue | Villager (Male) |
| 6:48 | Queue | Fishing Ship |
| 6:49 | Queue | Fishing Ship |
| 7:00 | Queue | Villager (Male) |
| 7:13 | Build | House |
| 7:17 | Queue | Villager (Male) |
| 7:25 | Queue | Fishing Ship |
| 7:30 | Queue | Villager (Male) |
| 7:46 | Queue | Villager (Male) |
| 7:47 | Queue | Villager (Male) |
| 7:47 | Queue | Villager (Male) |
| 8:01 | Queue | Fishing Ship |
| 8:01 | Queue | Fishing Ship |
| 8:06 | Queue | Villager (Male) |
| 8:06 | Queue | Villager (Male) |
| 8:30 | Build | House |
| 8:43 | Queue | Villager (Male) |
| 8:53 | Queue | Fishing Ship |
| 8:54 | Queue | Fishing Ship |
| 9:11 | Build | House |
| 9:47 | Build | Mill |
| 9:50 | Build | House |
| 9:58 | Queue | Villager (Male) |
| 10:20 | Queue | Villager (Male) |
| 10:35 | Research | Loom |
| 10:44 | Build | Mining Camp |
| 10:47 | Build | House |
| 10:54 | Build | House |
| 11:08 | Research | Feudal Age |
| 11:09 | Research | Feudal Age |
| 11:19 | Build | House |
| 11:57 | Build | Barracks |
| 12:18 | Queue | Villager (Male) |
| 12:19 | Queue | Villager (Male) |
| 13:23 | Age | Feudal Age |
| 13:24 | Build | Archery Range |
| 14:05 | Build | Blacksmith |
| 14:09 | Queue | Villager (Male) |
| 14:18 | Queue | Archer |
| 14:19 | Queue | Archer |
| 14:35 | Build | House |
| 14:36 | Research | Castle Age |
| 14:50 | Queue | Archer |
| 14:57 | Research | Fletching |
| 14:58 | Research | Fletching |
| 15:20 | Queue | Archer |
| 16:05 | Build | House |
| 16:07 | Queue | Archer |
| 16:25 | Queue | Villager (Male) |
| 16:37 | Queue | Villager (Male) |
| 16:43 | Queue | Archer |
| 17:05 | Build | Archery Range |
| 17:18 | Age | Castle Age |
| 17:22 | Research | Crossbowman (upgrade) |
| 17:32 | Research | Bodkin Arrow |
| 17:35 | Build | Town Center |
| 17:52 | Build | House |
| 17:53 | Queue | Villager (Male) |
| 17:56 | Research | Tech 906 |
| 18:01 | Research | Town Watch |
| 18:20 | Queue | Archer |
| 18:20 | Queue | Archer |
| 18:27 | Build | House |
| 19:08 | Queue | Archer |
| 19:09 | Queue | Villager (Male) |
| 19:09 | Queue | Villager (Male) |
| 19:10 | Queue | Archer |
| 19:10 | Queue | Archer |
| 19:11 | Queue | Archer |
| 19:14 | Build | Lumber Camp |
| 19:21 | Queue | Archer |
| 19:21 | Queue | Archer |
| 19:23 | Queue | Villager (Male) |
| 19:24 | Queue | Villager (Male) |
| 19:24 | Queue | Villager (Male) |
| 19:29 | Build | Mill |
| 19:34 | Build | House |
| 19:45 | Queue | Villager (Male) |
| 19:46 | Queue | Villager (Male) |
| 19:55 | Build | House |
| 20:07 | Build | Mill |
| 20:20 | Queue | Villager (Male) |
| 20:20 | Queue | Villager (Male) |
| 20:25 | Build | House |
| 20:27 | Queue | Villager (Male) |
| 20:27 | Queue | Villager (Male) |
| 20:29 | Queue | Archer |
| 20:30 | Queue | Archer |
| 20:39 | Queue | Villager (Male) |
| 20:40 | Queue | Villager (Male) |
| 20:44 | Build | Farm |
| 20:50 | Build | Farm |
| 21:01 | Build | House |
| 21:05 | Queue | Archer |
| 21:05 | Queue | Archer |
| 21:14 | Queue | Villager (Male) |
| 21:14 | Queue | Villager (Male) |
| 21:14 | Queue | Villager (Male) |
| 21:17 | Build | House |
| 21:22 | Build | House |
| 21:40 | Queue | Archer |
| 21:40 | Queue | Archer |
| 21:41 | Queue | Villager (Male) |
| 21:45 | Research | Double-Bit Axe |
| 21:58 | Build | House |
| 21:59 | Queue | Villager (Male) |
| 21:59 | Queue | Villager (Male) |
| 22:08 | Build | House |
| 22:13 | Queue | Villager (Male) |
| 22:15 | Build | Farm |
| 22:18 | Build | Farm |
| 22:25 | Queue | Villager (Male) |
| 22:32 | Research | Wheelbarrow |
| 22:33 | Research | Wheelbarrow |
| 22:54 | Queue | Villager (Male) |
| 22:55 | Queue | Villager (Male) |
| 23:01 | Build | Town Center |
| 23:03 | Queue | Villager (Male) |
| 23:04 | Queue | Villager (Male) |
| 23:14 | Build | House |
| 23:26 | Queue | Villager (Male) |
| 23:26 | Queue | Villager (Male) |
| 23:44 | Build | University |
| 24:09 | Build | Siege Workshop |
| 24:21 | Queue | Archer |
Build order — HousedAt15
First 150 of 164 actions detected
| 0:47 | Build | Dock |
| 0:50 | Build | House |
| 1:08 | Build | Town Center |
| 3:22 | Queue | Villager (Male) |
| 3:22 | Queue | Villager (Male) |
| 3:22 | Queue | Villager (Male) |
| 3:22 | Queue | Villager (Male) |
| 3:56 | Research | Loom |
| 3:56 | Research | Loom |
| 3:57 | Queue | Villager (Male) |
| 3:58 | Queue | Villager (Male) |
| 3:58 | Queue | Villager (Male) |
| 3:59 | Queue | Villager (Male) |
| 4:22 | Queue | Fishing Ship |
| 4:22 | Queue | Fishing Ship |
| 4:48 | Build | Palisade Wall |
| 5:01 | Build | Palisade Wall |
| 5:07 | Build | Palisade Wall |
| 5:18 | Build | Palisade Wall |
| 5:29 | Queue | Fishing Ship |
| 5:30 | Queue | Fishing Ship |
| 5:33 | Build | Palisade Wall |
| 5:39 | Build | Palisade Wall |
| 5:41 | Build | Palisade Wall |
| 5:58 | Queue | Villager (Male) |
| 5:58 | Queue | Villager (Male) |
| 6:04 | Build | House |
| 6:36 | Queue | Villager (Male) |
| 6:52 | Build | Palisade Wall |
| 6:56 | Build | Palisade Wall |
| 7:09 | Queue | Villager (Male) |
| 7:10 | Queue | Villager (Male) |
| 7:12 | Queue | Fishing Ship |
| 7:25 | Build | House |
| 7:31 | Queue | Villager (Male) |
| 8:00 | Queue | Villager (Male) |
| 8:21 | Build | Palisade Wall |
| 8:24 | Queue | Villager (Male) |
| 8:46 | Queue | Villager (Male) |
| 8:46 | Queue | Villager (Male) |
| 8:51 | Build | Palisade Wall |
| 8:57 | Build | Palisade Wall |
| 8:59 | Build | Palisade Wall |
| 9:14 | Build | Palisade Gate |
| 9:28 | Queue | Fishing Ship |
| 9:28 | Queue | Fishing Ship |
| 9:28 | Queue | Fishing Ship |
| 9:38 | Build | Palisade Wall |
| 9:40 | Build | Palisade Wall |
| 9:50 | Queue | Fishing Ship |
| 9:53 | Build | House |
| 9:55 | Queue | Villager (Male) |
| 10:35 | Build | Dock |
| 10:46 | Queue | Villager (Male) |
| 10:46 | Queue | Villager (Male) |
| 11:08 | Queue | Villager (Male) |
| 11:08 | Queue | Villager (Male) |
| 11:20 | Build | House |
| 11:27 | Queue | Villager (Male) |
| 11:30 | Queue | Villager (Male) |
| 11:48 | Queue | Villager (Male) |
| 11:56 | Build | Dock |
| 12:05 | Queue | Fishing Ship |
| 12:11 | Build | Mill |
| 12:28 | Build | Palisade Wall |
| 12:43 | Queue | Villager (Male) |
| 13:00 | Queue | Villager (Male) |
| 13:05 | Queue | Villager (Male) |
| 13:07 | Queue | Villager (Male) |
| 13:08 | Queue | Villager (Male) |
| 13:21 | Build | House |
| 13:52 | Queue | Villager (Male) |
| 13:54 | Queue | Fishing Ship |
| 14:22 | Build | Mining Camp |
| 14:39 | Build | House |
| 14:57 | Research | Feudal Age |
| 15:53 | Build | Barracks |
| 16:00 | Queue | Fishing Ship |
| 16:57 | Queue | Villager (Male) |
| 16:57 | Queue | Villager (Male) |
| 17:08 | Build | Market |
| 17:10 | Build | Blacksmith |
| 18:09 | Build | Farm |
| 18:09 | Build | Farm |
| 18:09 | Build | Farm |
| 18:33 | Build | Farm |
| 18:45 | Research | Castle Age |
| 18:45 | Research | Castle Age |
| 19:02 | Build | Farm |
| 19:39 | Build | Archery Range |
| 19:47 | Build | Lumber Camp |
| 19:50 | Queue | Villager (Male) |
| 20:04 | Queue | Spearman |
| 20:04 | Queue | Spearman |
| 20:07 | Research | Double-Bit Axe |
| 20:07 | Research | Double-Bit Axe |
| 20:35 | Queue | Villager (Male) |
| 20:45 | Build | Barracks |
| 20:47 | Queue | Spearman |
| 20:47 | Queue | Spearman |
| 21:04 | Build | Barracks |
| 21:05 | Queue | Villager (Male) |
| 21:12 | Build | Farm |
| 21:15 | Queue | Spearman |
| 21:15 | Queue | Spearman |
| 21:32 | Research | Pikeman (upgrade) |
| 21:32 | Research | Pikeman (upgrade) |
| 21:33 | Queue | Villager (Male) |
| 21:37 | Build | Farm |
| 21:46 | Build | House |
| 21:48 | Build | House |
| 22:02 | Queue | Spearman |
| 22:02 | Queue | Spearman |
| 22:10 | Queue | Villager (Male) |
| 22:10 | Queue | Villager (Male) |
| 22:25 | Build | Town Center |
| 22:27 | Queue | Villager (Male) |
| 22:33 | Queue | Villager (Male) |
| 22:40 | Queue | Spearman |
| 22:40 | Queue | Spearman |
| 23:03 | Queue | Villager (Male) |
| 23:16 | Queue | Villager (Male) |
| 23:16 | Queue | Villager (Male) |
| 23:21 | Build | Farm |
| 23:25 | Build | Farm |
| 23:48 | Queue | Villager (Male) |
| 23:49 | Queue | Spearman |
| 23:49 | Queue | Spearman |
| 23:56 | Build | House |
| 23:57 | Build | House |
| 24:07 | Queue | Spearman |
| 24:07 | Queue | Spearman |
| 24:07 | Queue | Spearman |
| 24:25 | Queue | Villager (Male) |
| 24:25 | Queue | Villager (Male) |
| 24:36 | Queue | Villager (Male) |
| 24:40 | Queue | Villager (Male) |
| 24:44 | Build | Siege Workshop |
| 24:57 | Build | Farm |
| 24:58 | Build | Farm |
| 25:00 | Build | Farm |
| 25:03 | Queue | Villager (Male) |
| 25:03 | Queue | Villager (Male) |
| 25:10 | Queue | Villager (Male) |
| 25:10 | Queue | Villager (Male) |
| 25:21 | Research | Horse Collar |
| 25:23 | Queue | Villager (Male) |
| 25:30 | Build | Farm |
| 25:31 | Queue | Villager (Male) |
| 25:31 | Queue | Villager (Male) |
Build order — [CHI]InKiSiDoR
First 150 of 157 actions detected
| 0:21 | Build | Town Center |
| 1:19 | Build | Dock |
| 1:24 | Build | House |
| 1:26 | Build | Palisade Wall |
| 1:30 | Build | Palisade Wall |
| 2:46 | Queue | Villager (Male) |
| 2:46 | Queue | Villager (Male) |
| 2:47 | Queue | Villager (Male) |
| 2:47 | Queue | Villager (Male) |
| 2:47 | Queue | Villager (Male) |
| 4:23 | Queue | Villager (Male) |
| 4:23 | Queue | Villager (Male) |
| 4:23 | Queue | Villager (Male) |
| 4:30 | Build | House |
| 4:53 | Queue | Villager (Male) |
| 4:53 | Queue | Villager (Male) |
| 4:53 | Queue | Villager (Male) |
| 5:17 | Queue | Fishing Ship |
| 5:17 | Queue | Fishing Ship |
| 5:17 | Queue | Fishing Ship |
| 5:21 | Queue | Villager (Male) |
| 5:22 | Queue | Villager (Male) |
| 5:47 | Research | Loom |
| 6:04 | Queue | Villager (Male) |
| 6:04 | Queue | Villager (Male) |
| 6:32 | Queue | Villager (Male) |
| 6:32 | Queue | Villager (Male) |
| 6:33 | Queue | Fishing Ship |
| 6:33 | Queue | Fishing Ship |
| 6:41 | Build | House |
| 6:56 | Queue | Villager (Male) |
| 6:57 | Queue | Villager (Male) |
| 7:13 | Queue | Villager (Male) |
| 7:13 | Queue | Villager (Male) |
| 7:38 | Queue | Villager (Male) |
| 7:38 | Queue | Villager (Male) |
| 7:39 | Queue | Fishing Ship |
| 7:39 | Queue | Fishing Ship |
| 7:40 | Queue | Fishing Ship |
| 7:55 | Queue | Villager (Male) |
| 7:55 | Queue | Villager (Male) |
| 7:55 | Queue | Villager (Male) |
| 7:56 | Queue | Fishing Ship |
| 7:56 | Queue | Fishing Ship |
| 8:11 | Build | House |
| 8:18 | Build | House |
| 8:28 | Build | House |
| 8:30 | Build | House |
| 8:37 | Queue | Villager (Male) |
| 8:38 | Queue | Villager (Male) |
| 8:44 | Build | House |
| 8:59 | Build | Palisade Wall |
| 9:03 | Queue | Villager (Male) |
| 9:08 | Queue | Villager (Male) |
| 9:08 | Queue | Villager (Male) |
| 9:08 | Queue | Villager (Male) |
| 9:14 | Queue | Villager (Male) |
| 9:14 | Queue | Villager (Male) |
| 9:25 | Queue | Fishing Ship |
| 9:25 | Queue | Fishing Ship |
| 9:55 | Build | Lumber Camp |
| 10:44 | Research | Feudal Age |
| 10:51 | Build | Mill |
| 11:52 | Build | Mining Camp |
| 12:09 | Build | House |
| 12:54 | Age | Feudal Age |
| 12:55 | Queue | Villager (Male) |
| 12:56 | Queue | Villager (Male) |
| 13:21 | Build | Market |
| 13:27 | Queue | Villager (Male) |
| 14:08 | Build | Blacksmith |
| 14:22 | Queue | Villager (Male) |
| 14:50 | Build | Palisade Wall |
| 15:02 | Research | Castle Age |
| 15:02 | Research | Castle Age |
| 15:08 | Build | House |
| 15:11 | Build | Palisade Wall |
| 15:31 | Research | Double-Bit Axe |
| 15:46 | Research | Horse Collar |
| 17:13 | Research | Forging |
| 17:42 | Age | Castle Age |
| 17:54 | Queue | Villager (Male) |
| 18:15 | Build | Castle |
| 18:16 | Queue | Villager (Male) |
| 18:16 | Queue | Villager (Male) |
| 18:20 | Research | Bow Saw |
| 18:26 | Research | Heavy Plow |
| 18:28 | Queue | Villager (Male) |
| 19:12 | Queue | Villager (Male) |
| 19:27 | Queue | Unit 1949 |
| 19:27 | Queue | Unit 1949 |
| 19:43 | Queue | Villager (Male) |
| 19:52 | Queue | Unit 1949 |
| 19:53 | Queue | Unit 1949 |
| 19:53 | Queue | Unit 1949 |
| 19:54 | Queue | Villager (Male) |
| 20:29 | Queue | Unit 1949 |
| 20:36 | Build | House |
| 20:43 | Build | Town Center |
| 20:48 | Queue | Villager (Male) |
| 21:14 | Build | Siege Workshop |
| 21:15 | Queue | Villager (Male) |
| 21:27 | Queue | Unit 1949 |
| 21:27 | Queue | Unit 1949 |
| 21:49 | Queue | Villager (Male) |
| 21:51 | Queue | Unit 1949 |
| 21:51 | Queue | Unit 1949 |
| 22:18 | Queue | Villager (Male) |
| 22:45 | Queue | Villager (Male) |
| 22:49 | Queue | Unit 1949 |
| 22:49 | Queue | Unit 1949 |
| 22:53 | Build | House |
| 22:54 | Build | House |
| 23:36 | Queue | Villager (Male) |
| 23:36 | Queue | Villager (Male) |
| 23:39 | Build | House |
| 23:40 | Build | Farm |
| 23:46 | Build | Farm |
| 23:47 | Build | Farm |
| 24:09 | Queue | Mangonel |
| 24:10 | Queue | Mangonel |
| 24:10 | Queue | Mangonel |
| 24:10 | Queue | Mangonel |
| 24:12 | Build | Farm |
| 24:14 | Build | House |
| 24:16 | Queue | Villager (Male) |
| 24:16 | Queue | Villager (Male) |
| 24:17 | Queue | Villager (Male) |
| 24:17 | Queue | Villager (Male) |
| 24:40 | Build | Farm |
| 24:57 | Queue | Villager (Male) |
| 24:58 | Queue | Villager (Male) |
| 24:58 | Queue | Villager (Male) |
| 24:58 | Queue | Villager (Male) |
| 25:05 | Build | Farm |
| 25:08 | Build | Farm |
| 25:09 | Build | Farm |
| 25:10 | Build | Farm |
| 25:12 | Build | House |
| 25:18 | Queue | Unit 1949 |
| 25:19 | Queue | Unit 1949 |
| 25:19 | Queue | Unit 1949 |
| 25:27 | Queue | Unit 1949 |
| 25:27 | Queue | Unit 1949 |
| 25:39 | Build | Farm |
| 25:42 | Research | Scale Barding Armor |
| 25:43 | Build | Farm |
| 25:55 | Queue | Villager (Male) |
| 25:55 | Queue | Villager (Male) |
| 25:59 | Build | House |
Build order — pinneda
First 150 of 158 actions detected
| 0:40 | Build | Town Center |
| 1:52 | Build | Dock |
| 1:53 | Build | House |
| 2:46 | Queue | Villager (Male) |
| 2:46 | Queue | Villager (Male) |
| 2:46 | Queue | Villager (Male) |
| 2:47 | Queue | Villager (Male) |
| 2:47 | Queue | Villager (Male) |
| 3:57 | Queue | Fishing Ship |
| 3:57 | Queue | Fishing Ship |
| 4:18 | Build | House |
| 4:35 | Queue | Villager (Male) |
| 4:35 | Queue | Villager (Male) |
| 5:04 | Queue | Fishing Ship |
| 5:20 | Queue | Villager (Male) |
| 5:21 | Queue | Villager (Male) |
| 5:49 | Queue | Villager (Male) |
| 5:49 | Queue | Villager (Male) |
| 5:56 | Queue | Fishing Ship |
| 6:19 | Queue | Villager (Male) |
| 6:19 | Queue | Villager (Male) |
| 6:27 | Build | House |
| 6:37 | Queue | Villager (Male) |
| 7:07 | Queue | Villager (Male) |
| 7:20 | Build | Mill |
| 7:24 | Queue | Villager (Male) |
| 7:35 | Build | Mill |
| 7:42 | Queue | Villager (Male) |
| 7:54 | Queue | Fishing Ship |
| 8:20 | Queue | Villager (Male) |
| 8:29 | Build | House |
| 8:45 | Queue | Villager (Male) |
| 8:46 | Queue | Fishing Ship |
| 9:17 | Queue | Villager (Male) |
| 9:22 | Queue | Fishing Ship |
| 9:28 | Build | House |
| 9:42 | Queue | Villager (Male) |
| 10:00 | Queue | Villager (Male) |
| 10:34 | Build | Lumber Camp |
| 10:35 | Queue | Villager (Male) |
| 10:51 | Research | Feudal Age |
| 12:16 | Build | Dock |
| 12:24 | Build | House |
| 12:35 | Queue | Fishing Ship |
| 12:43 | Queue | Villager (Male) |
| 12:44 | Queue | Villager (Male) |
| 13:13 | Build | Market |
| 13:15 | Build | Blacksmith |
| 13:28 | Queue | Fishing Ship |
| 14:23 | Research | Loom |
| 14:38 | Research | Castle Age |
| 15:08 | Build | Fish Trap |
| 15:28 | Build | Dock |
| 15:29 | Build | House |
| 15:35 | Build | Fish Trap |
| 15:39 | Queue | Fishing Ship |
| 15:39 | Queue | Fishing Ship |
| 15:43 | Research | Double-Bit Axe |
| 16:08 | Queue | Galley |
| 16:10 | Queue | Galley |
| 16:13 | Research | Fletching |
| 16:16 | Queue | Villager (Male) |
| 16:23 | Queue | Galley |
| 16:32 | Build | House |
| 16:32 | Build | House |
| 16:36 | Queue | Villager (Male) |
| 17:07 | Queue | Galley |
| 17:08 | Queue | Galley |
| 17:18 | Queue | Galley |
| 17:25 | Queue | Galley |
| 17:35 | Queue | Villager (Male) |
| 17:54 | Research | War Galley (upgrade) |
| 18:06 | Queue | Villager (Male) |
| 18:09 | Queue | Galley |
| 18:35 | Build | Town Center |
| 18:41 | Queue | Villager (Male) |
| 19:04 | Queue | Galley |
| 19:20 | Queue | Villager (Male) |
| 19:31 | Queue | Galley |
| 19:31 | Queue | Galley |
| 19:34 | Research | Bodkin Arrow |
| 19:34 | Research | Bodkin Arrow |
| 19:39 | Queue | Villager (Male) |
| 19:39 | Queue | Villager (Male) |
| 19:44 | Queue | Galley |
| 19:49 | Queue | Villager (Male) |
| 20:04 | Queue | Galley |
| 20:04 | Queue | Galley |
| 20:05 | Queue | Villager (Male) |
| 20:30 | Queue | Galley |
| 20:31 | Queue | Galley |
| 20:44 | Build | House |
| 20:45 | Build | House |
| 20:46 | Build | House |
| 20:50 | Queue | Villager (Male) |
| 21:01 | Queue | Galley |
| 21:01 | Queue | Galley |
| 21:16 | Queue | Demolition Raft |
| 21:31 | Queue | Galley |
| 21:33 | Queue | Villager (Male) |
| 21:40 | Queue | Galley |
| 21:42 | Queue | Villager (Male) |
| 21:49 | Queue | Galley |
| 21:49 | Queue | Galley |
| 21:55 | Queue | Villager (Male) |
| 22:34 | Queue | Villager (Male) |
| 22:35 | Queue | Villager (Male) |
| 22:45 | Queue | Villager (Male) |
| 22:58 | Queue | Villager (Male) |
| 23:02 | Build | Town Center |
| 23:10 | Queue | Galley |
| 23:10 | Queue | Galley |
| 23:19 | Queue | Villager (Male) |
| 23:20 | Queue | Villager (Male) |
| 23:26 | Queue | Demolition Raft |
| 23:26 | Queue | Demolition Raft |
| 23:56 | Queue | Villager (Male) |
| 23:57 | Queue | Villager (Male) |
| 24:00 | Build | House |
| 24:01 | Build | House |
| 24:12 | Queue | Galley |
| 24:13 | Queue | Galley |
| 24:18 | Queue | Villager (Male) |
| 24:18 | Queue | Villager (Male) |
| 24:25 | Queue | Villager (Male) |
| 24:40 | Queue | Villager (Male) |
| 25:00 | Queue | Unit 2626 |
| 25:00 | Queue | Unit 2626 |
| 25:00 | Queue | Unit 2626 |
| 25:00 | Queue | Unit 2626 |
| 25:00 | Queue | Unit 2626 |
| 25:02 | Queue | Villager (Male) |
| 25:02 | Queue | Villager (Male) |
| 25:23 | Queue | Villager (Male) |
| 25:24 | Queue | Villager (Male) |
| 25:39 | Build | House |
| 25:39 | Build | House |
| 25:47 | Queue | Villager (Male) |
| 25:48 | Queue | Villager (Male) |
| 25:59 | Build | Mining Camp |
| 26:11 | Queue | Unit 2626 |
| 26:11 | Queue | Unit 2626 |
| 26:11 | Queue | Unit 2626 |
| 26:13 | Queue | Villager (Male) |
| 26:13 | Queue | Villager (Male) |
| 26:33 | Queue | Villager (Male) |
| 26:37 | Build | Farm |
| 26:37 | Build | Farm |
| 26:37 | Build | Farm |
| 26:38 | Build | Farm |
Build order — [Mushu] Elgo Lazo
First 150 of 155 actions detected
| 0:29 | Build | Town Center |
| 1:22 | Build | Dock |
| 1:26 | Build | House |
| 2:44 | Queue | Villager (Male) |
| 2:44 | Queue | Villager (Male) |
| 2:45 | Queue | Villager (Male) |
| 2:45 | Queue | Villager (Male) |
| 2:45 | Queue | Villager (Male) |
| 3:46 | Queue | Fishing Ship |
| 3:46 | Queue | Fishing Ship |
| 4:25 | Queue | Villager (Male) |
| 4:26 | Queue | Villager (Male) |
| 4:27 | Build | House |
| 4:32 | Research | Loom |
| 4:35 | Build | House |
| 5:02 | Build | Palisade Wall |
| 5:04 | Build | Palisade Wall |
| 5:07 | Build | Palisade Wall |
| 5:09 | Build | Palisade Wall |
| 5:11 | Build | Palisade Wall |
| 5:21 | Build | Palisade Wall |
| 5:36 | Queue | Fishing Ship |
| 5:36 | Queue | Fishing Ship |
| 5:37 | Queue | Villager (Male) |
| 6:05 | Queue | Villager (Male) |
| 6:05 | Queue | Villager (Male) |
| 6:05 | Queue | Villager (Male) |
| 6:28 | Queue | Villager (Male) |
| 6:28 | Queue | Villager (Male) |
| 6:33 | Build | House |
| 6:49 | Queue | Villager (Male) |
| 6:50 | Queue | Villager (Male) |
| 7:12 | Queue | Fishing Ship |
| 7:13 | Queue | Fishing Ship |
| 7:13 | Queue | Villager (Male) |
| 7:14 | Queue | Villager (Male) |
| 7:43 | Queue | Villager (Male) |
| 7:45 | Queue | Fishing Ship |
| 7:54 | Queue | Villager (Male) |
| 7:55 | Queue | Villager (Male) |
| 8:22 | Build | Palisade Wall |
| 8:33 | Queue | Villager (Male) |
| 8:37 | Queue | Fishing Ship |
| 8:40 | Build | House |
| 8:50 | Build | Palisade Wall |
| 8:54 | Build | Palisade Wall |
| 8:54 | Build | Palisade Wall |
| 8:56 | Build | Palisade Wall |
| 9:04 | Build | Palisade Wall |
| 9:10 | Queue | Villager (Male) |
| 9:10 | Queue | Villager (Male) |
| 9:28 | Queue | Villager (Male) |
| 9:28 | Queue | Villager (Male) |
| 9:38 | Build | Lumber Camp |
| 10:09 | Build | House |
| 10:59 | Queue | Villager (Male) |
| 11:09 | Build | Palisade Wall |
| 11:11 | Build | Palisade Wall |
| 11:33 | Build | Mill |
| 11:35 | Build | Palisade Wall |
| 11:39 | Build | Palisade Wall |
| 11:44 | Queue | Fishing Ship |
| 11:46 | Queue | Villager (Male) |
| 12:45 | Research | Feudal Age |
| 12:45 | Research | Feudal Age |
| 13:00 | Build | Dock |
| 13:18 | Build | Mining Camp |
| 13:36 | Build | House |
| 14:17 | Queue | Villager (Male) |
| 14:55 | Age | Feudal Age |
| 14:56 | Queue | Unit 2626 |
| 14:56 | Queue | Unit 2626 |
| 14:57 | Research | Double-Bit Axe |
| 15:12 | Build | Mill |
| 15:18 | Queue | Unit 2626 |
| 15:19 | Queue | Unit 2626 |
| 15:20 | Queue | Villager (Male) |
| 15:27 | Build | House |
| 15:44 | Queue | Villager (Male) |
| 15:59 | Queue | Villager (Male) |
| 16:00 | Build | House |
| 16:17 | Queue | Fire Galley |
| 16:18 | Queue | Fire Galley |
| 16:19 | Queue | Villager (Male) |
| 16:34 | Build | Market |
| 16:47 | Queue | Fire Galley |
| 16:49 | Queue | Villager (Male) |
| 17:06 | Queue | Fire Galley |
| 17:15 | Build | House |
| 17:17 | Queue | Villager (Male) |
| 17:37 | Queue | Fire Galley |
| 17:38 | Queue | Fire Galley |
| 17:43 | Build | Blacksmith |
| 17:45 | Queue | Villager (Male) |
| 17:46 | Queue | Villager (Male) |
| 17:54 | Queue | Fire Galley |
| 18:21 | Queue | Villager (Male) |
| 18:39 | Queue | Fire Galley |
| 18:39 | Queue | Fire Galley |
| 18:40 | Queue | Villager (Male) |
| 19:21 | Build | House |
| 19:35 | Build | House |
| 19:41 | Queue | Villager (Male) |
| 19:51 | Build | House |
| 20:13 | Research | Castle Age |
| 20:19 | Queue | Fire Galley |
| 20:30 | Build | House |
| 21:13 | Queue | Villager (Male) |
| 21:14 | Queue | Fire Galley |
| 21:14 | Queue | Fire Galley |
| 22:12 | Research | Horse Collar |
| 22:21 | Build | Palisade Wall |
| 22:43 | Build | Farm |
| 22:43 | Build | Farm |
| 22:44 | Build | Farm |
| 22:53 | Build | Palisade Wall |
| 22:53 | Age | Castle Age |
| 23:00 | Build | Town Center |
| 23:01 | Queue | Villager (Male) |
| 23:26 | Queue | Villager (Male) |
| 23:27 | Queue | Villager (Male) |
| 23:37 | Queue | Villager (Male) |
| 23:52 | Build | Palisade Wall |
| 23:54 | Queue | Villager (Male) |
| 24:13 | Queue | Villager (Male) |
| 24:18 | Build | Town Center |
| 24:19 | Queue | Villager (Male) |
| 24:25 | Build | Farm |
| 24:28 | Queue | Villager (Male) |
| 24:33 | Build | Palisade Wall |
| 24:40 | Queue | Villager (Male) |
| 24:44 | Build | Farm |
| 24:46 | Queue | Villager (Male) |
| 24:52 | Build | Lumber Camp |
| 25:03 | Queue | Villager (Male) |
| 25:10 | Queue | Villager (Male) |
| 25:23 | Queue | Villager (Male) |
| 25:26 | Build | Mill |
| 25:45 | Queue | Villager (Male) |
| 25:46 | Queue | Villager (Male) |
| 25:47 | Build | Farm |
| 25:47 | Build | Farm |
| 25:48 | Build | Farm |
| 25:48 | Build | Farm |
| 25:50 | Queue | Villager (Male) |
| 25:52 | Build | Farm |
| 25:54 | Queue | Villager (Male) |
| 25:55 | Queue | Villager (Male) |
| 25:55 | Queue | Villager (Male) |
| 25:59 | Build | Lumber Camp |
Build order — [BÜN] Mr. Grüezi
First 150 of 164 actions detected
| 0:30 | Build | Town Center |
| 1:24 | Build | Dock |
| 1:25 | Build | House |
| 2:46 | Queue | Villager (Male) ×4 |
| 4:04 | Queue | Fishing Ship |
| 4:04 | Queue | Fishing Ship |
| 4:18 | Build | House |
| 4:26 | Queue | Villager (Male) |
| 4:51 | Queue | Villager (Male) |
| 4:51 | Queue | Villager (Male) |
| 5:22 | Queue | Villager (Male) |
| 5:22 | Queue | Villager (Male) |
| 5:45 | Queue | Villager (Male) |
| 5:46 | Queue | Fishing Ship |
| 5:54 | Build | House |
| 6:11 | Queue | Villager (Male) |
| 6:11 | Queue | Villager (Male) |
| 6:36 | Queue | Villager (Male) |
| 6:36 | Queue | Fishing Ship |
| 7:02 | Queue | Villager (Male) |
| 7:02 | Queue | Villager (Male) |
| 7:04 | Queue | Fishing Ship |
| 7:15 | Build | House |
| 7:22 | Queue | Villager (Male) |
| 7:22 | Queue | Villager (Male) |
| 7:32 | Build | House |
| 7:46 | Queue | Villager (Male) |
| 7:47 | Queue | Villager (Male) |
| 7:55 | Queue | Fishing Ship |
| 8:11 | Queue | Villager (Male) |
| 8:16 | Build | House |
| 8:17 | Queue | Fishing Ship |
| 8:26 | Queue | Villager (Male) |
| 8:56 | Build | House |
| 8:57 | Queue | Villager (Male) |
| 9:05 | Queue | Fishing Ship |
| 9:07 | Build | House |
| 9:17 | Queue | Villager (Male) |
| 9:41 | Queue | Villager (Male) |
| 9:53 | Build | Mill |
| 10:03 | Queue | Fishing Ship |
| 10:13 | Queue | Villager (Male) |
| 10:32 | Queue | Villager (Male) |
| 10:37 | Build | Dock |
| 10:44 | Queue | Villager (Male) |
| 11:04 | Queue | Fishing Ship |
| 11:14 | Queue | Fishing Ship |
| 11:29 | Queue | Villager (Male) |
| 11:29 | Queue | Villager (Male) |
| 11:36 | Build | Mining Camp |
| 11:37 | Queue | Villager (Male) |
| 11:54 | Queue | Fishing Ship |
| 11:54 | Queue | Fishing Ship |
| 12:03 | Research | Feudal Age |
| 12:22 | Queue | Fishing Ship |
| 12:42 | Build | Mill |
| 13:01 | Queue | Fishing Ship |
| 13:46 | Queue | Villager (Male) |
| 13:46 | Queue | Villager (Male) |
| 14:10 | Age | Feudal Age |
| 14:14 | Build | Market |
| 14:18 | Build | Blacksmith |
| 14:35 | Research | Tech 906 |
| 15:06 | Research | Castle Age |
| 15:37 | Build | Lumber Camp |
| 15:50 | Build | House |
| 16:06 | Research | Loom |
| 16:29 | Build | Mining Camp |
| 16:36 | Build | Mining Camp |
| 16:42 | Age | Castle Age |
| 16:45 | Queue | Villager (Male) |
| 16:46 | Research | Double-Bit Axe |
| 16:56 | Research | Town Watch |
| 16:57 | Queue | Villager (Male) |
| 17:08 | Research | Gillnets |
| 17:48 | Build | Siege Workshop |
| 17:56 | Queue | Villager (Male) |
| 18:20 | Queue | Villager (Male) |
| 18:40 | Build | Dock |
| 18:44 | Queue | Villager (Male) |
| 18:45 | Queue | Villager (Male) |
| 18:48 | Research | Forging |
| 18:59 | Queue | Villager (Male) |
| 19:14 | Build | Castle |
| 19:16 | Queue | Villager (Male) |
| 19:28 | Build | Mining Camp |
| 19:36 | Queue | Villager (Male) |
| 19:52 | Queue | Fishing Ship |
| 19:52 | Queue | Fishing Ship |
| 20:31 | Queue | Battering Ram |
| 20:32 | Queue | Karambit Warrior |
| 20:33 | Queue | Karambit Warrior |
| 20:36 | Queue | Villager (Male) |
| 20:45 | Research | Horse Collar |
| 20:56 | Queue | Villager (Male) |
| 20:59 | Queue | Karambit Warrior |
| 21:01 | Queue | Karambit Warrior |
| 21:01 | Queue | Karambit Warrior |
| 21:05 | Queue | Karambit Warrior ×3 |
| 21:23 | Build | Town Center |
| 21:25 | Queue | Villager (Male) |
| 21:29 | Queue | Karambit Warrior |
| 21:47 | Queue | Villager (Male) |
| 21:48 | Queue | Karambit Warrior |
| 21:48 | Queue | Karambit Warrior |
| 22:05 | Queue | Battering Ram |
| 22:05 | Queue | Battering Ram |
| 22:14 | Queue | Karambit Warrior |
| 22:20 | Queue | Karambit Warrior |
| 22:21 | Queue | Karambit Warrior |
| 22:24 | Queue | Battering Ram |
| 22:30 | Queue | Villager (Male) |
| 22:30 | Queue | Villager (Male) |
| 22:40 | Queue | Villager (Male) |
| 22:40 | Queue | Villager (Male) |
| 22:43 | Queue | Villager (Male) |
| 22:43 | Queue | Villager (Male) |
| 22:48 | Queue | Karambit Warrior |
| 22:49 | Queue | Karambit Warrior |
| 23:02 | Queue | Villager (Male) |
| 23:10 | Queue | Villager (Male) |
| 23:18 | Queue | Karambit Warrior |
| 23:18 | Queue | Karambit Warrior |
| 23:36 | Queue | Villager (Male) |
| 23:42 | Build | House |
| 23:43 | Build | House |
| 23:45 | Queue | Karambit Warrior ×5 |
| 23:47 | Queue | Karambit Warrior |
| 23:58 | Queue | Karambit Warrior |
| 24:05 | Queue | Karambit Warrior |
| 24:13 | Queue | Villager (Male) |
| 24:13 | Research | Wheelbarrow |
| 24:17 | Queue | Villager (Male) |
| 24:17 | Queue | Villager (Male) |
| 24:31 | Queue | Villager (Male) |
| 24:33 | Build | House |
| 24:33 | Build | House |
| 24:34 | Build | House |
| 24:34 | Build | House |
| 24:43 | Queue | Villager (Male) |
| 24:52 | Queue | Villager (Male) |
| 24:55 | Queue | Karambit Warrior |
| 24:55 | Queue | Karambit Warrior |
| 25:00 | Queue | Karambit Warrior |
| 25:06 | Build | Town Center |
| 25:08 | Queue | Villager (Male) |
| 25:37 | Queue | Villager (Male) |
| 26:00 | Research | Heavy Plow |
| 26:05 | Queue | Villager (Male) |
| 26:07 | Build | Farm |
Build order — Mati
First 150 of 180 actions detected
| 0:12 | Build | Town Center |
| 1:52 | Build | Dock |
| 1:54 | Build | House |
| 2:35 | Queue | Villager (Male) |
| 2:35 | Queue | Villager (Male) |
| 2:36 | Queue | Villager (Male) |
| 2:36 | Queue | Villager (Male) |
| 2:36 | Queue | Villager (Male) |
| 3:38 | Queue | Fishing Ship |
| 3:38 | Queue | Fishing Ship |
| 4:06 | Research | Loom |
| 4:07 | Research | Loom |
| 4:25 | Queue | Fishing Ship |
| 4:41 | Build | House |
| 4:49 | Queue | Villager (Male) |
| 4:49 | Queue | Villager (Male) |
| 5:06 | Queue | Villager (Male) |
| 5:06 | Queue | Villager (Male) |
| 5:36 | Queue | Villager (Male) |
| 5:36 | Queue | Villager (Male) |
| 5:57 | Queue | Villager (Male) |
| 5:57 | Queue | Villager (Male) |
| 6:10 | Queue | Fishing Ship |
| 6:11 | Queue | Fishing Ship |
| 6:12 | Queue | Villager (Male) |
| 6:34 | Queue | Villager (Male) |
| 6:38 | Build | House |
| 6:54 | Queue | Villager (Male) |
| 6:54 | Queue | Villager (Male) |
| 6:58 | Build | House |
| 7:11 | Queue | Villager (Male) |
| 7:17 | Queue | Fishing Ship |
| 7:17 | Queue | Fishing Ship |
| 7:38 | Queue | Villager (Male) |
| 7:39 | Queue | Fishing Ship |
| 7:39 | Queue | Fishing Ship |
| 7:54 | Build | House |
| 7:57 | Queue | Villager (Male) |
| 7:58 | Queue | Villager (Male) |
| 8:18 | Queue | Villager (Male) |
| 8:18 | Queue | Villager (Male) |
| 8:21 | Queue | Fishing Ship |
| 8:21 | Queue | Fishing Ship |
| 8:36 | Queue | Villager (Male) |
| 8:55 | Queue | Fishing Ship |
| 9:18 | Build | Dock |
| 9:30 | Queue | Fishing Ship |
| 9:30 | Queue | Fishing Ship |
| 9:39 | Queue | Villager (Male) |
| 9:40 | Queue | Villager (Male) |
| 9:53 | Queue | Fishing Ship |
| 9:53 | Queue | Fishing Ship |
| 10:08 | Queue | Fishing Ship |
| 10:08 | Queue | Fishing Ship |
| 10:19 | Queue | Villager (Male) |
| 10:28 | Build | House |
| 10:52 | Build | House |
| 10:53 | Queue | Fishing Ship ×2 |
| 10:53 | Queue | Fishing Ship ×2 |
| 11:05 | Queue | Villager (Male) |
| 11:16 | Queue | Villager (Male) |
| 11:19 | Build | Settlement |
| 11:35 | Queue | Fishing Ship |
| 12:04 | Research | Feudal Age |
| 12:04 | Research | Feudal Age |
| 12:04 | Research | Feudal Age |
| 12:08 | Build | Settlement |
| 13:15 | Queue | Villager (Male) |
| 13:15 | Queue | Villager (Male) |
| 13:32 | Build | Barracks |
| 13:41 | Build | Dock |
| 14:19 | Age | Feudal Age |
| 14:23 | Queue | Unit 2626 ×4 |
| 14:24 | Queue | Villager (Male) |
| 14:25 | Queue | Villager (Male) |
| 14:42 | Queue | Unit 2626 |
| 14:43 | Queue | Unit 2626 |
| 15:15 | Queue | Unit 2626 ×2 |
| 15:16 | Queue | Unit 2626 ×2 |
| 15:47 | Queue | Villager (Male) |
| 15:48 | Queue | Villager (Male) |
| 15:51 | Research | Double-Bit Axe |
| 16:07 | Queue | Unit 2626 |
| 16:07 | Queue | Unit 2626 |
| 16:19 | Queue | Villager (Male) |
| 16:20 | Queue | Villager (Male) |
| 16:20 | Queue | Villager (Male) |
| 16:53 | Queue | Villager (Male) |
| 16:53 | Queue | Villager (Male) |
| 16:54 | Queue | Villager (Male) |
| 16:54 | Queue | Villager (Male) |
| 16:54 | Queue | Villager (Male) |
| 17:03 | Queue | Villager (Male) |
| 17:03 | Queue | Villager (Male) |
| 17:06 | Build | Blacksmith |
| 17:09 | Build | Market |
| 17:31 | Research | Tech 906 |
| 17:31 | Research | Tech 906 |
| 17:38 | Queue | Galley |
| 17:38 | Queue | Galley |
| 17:45 | Queue | Galley |
| 17:45 | Queue | Galley |
| 17:47 | Queue | Villager (Male) |
| 17:47 | Queue | Villager (Male) |
| 17:55 | Research | Fletching |
| 17:56 | Research | Fletching |
| 18:13 | Queue | Unit 2626 ×2 |
| 18:13 | Queue | Unit 2626 ×2 |
| 18:35 | Build | House |
| 18:44 | Research | Castle Age |
| 18:44 | Research | Castle Age |
| 18:48 | Build | House |
| 18:52 | Queue | Demolition Raft |
| 18:52 | Queue | Demolition Raft |
| 19:01 | Queue | Villager (Male) |
| 19:01 | Queue | Villager (Male) |
| 19:03 | Build | House |
| 19:05 | Build | House |
| 19:47 | Queue | Demolition Raft |
| 19:48 | Queue | Demolition Raft |
| 19:57 | Queue | Villager (Male) |
| 19:57 | Queue | Villager (Male) |
| 20:01 | Build | Settlement |
| 20:14 | Queue | Unit 2626 ×2 |
| 20:14 | Queue | Unit 2626 ×2 |
| 20:21 | Queue | Villager (Male) |
| 20:21 | Queue | Villager (Male) |
| 20:37 | Research | Gold Mining |
| 20:48 | Queue | Galley ×4 |
| 20:48 | Queue | Galley ×4 |
| 20:54 | Queue | Villager (Male) |
| 21:05 | Queue | Demolition Raft |
| 21:17 | Research | Horse Collar |
| 21:24 | Age | Castle Age |
| 21:33 | Research | War Galley (upgrade) |
| 21:42 | Research | Bow Saw |
| 21:54 | Queue | Villager (Male) |
| 21:54 | Queue | Villager (Male) |
| 22:13 | Queue | Demolition Raft |
| 22:17 | Queue | Villager (Male) |
| 22:22 | Build | Town Center |
| 22:35 | Research | Bodkin Arrow |
| 22:35 | Queue | Villager (Male) |
| 22:36 | Queue | Villager (Male) |
| 23:05 | Research | Gillnets |
| 23:06 | Queue | Villager (Male) |
| 23:07 | Queue | Villager (Male) |
| 23:07 | Queue | Villager (Male) |
| 23:18 | Queue | Fire Galley ×2 |
| 23:18 | Queue | Fire Galley ×2 |
Match timeline
| 0:47 | HousedAt15 · first_building Dock |
| 1:11 | таҗик · first_building Dock |
| 1:14 | таҗик · wall_segment Palisade Wall x1 |
| 1:19 | [CHI]InKiSiDoR · first_building Dock |
| 1:22 | [Mushu] Elgo Lazo · first_building Dock |
| 1:24 | [BÜN] Mr. Grüezi · first_building Dock |
| 1:26 | [CHI]InKiSiDoR · wall_segment Palisade Wall x1 |
| 1:30 | [CHI]InKiSiDoR · wall_segment Palisade Wall x1 |
| 1:43 | [Mushu] el pepe · first_building Dock |
| 1:52 | Mati · first_building Dock |
| 1:52 | pinneda · first_building Dock |
| 4:48 | HousedAt15 · wall_segment Palisade Wall x1 |
| 5:01 | HousedAt15 · wall_segment Palisade Wall x1 |
| 5:02 | [Mushu] Elgo Lazo · wall_segment Palisade Wall x1 |
| 5:04 | [Mushu] Elgo Lazo · wall_segment Palisade Wall x1 |
| 5:07 | [Mushu] Elgo Lazo · wall_segment Palisade Wall x1 |
| 5:07 | HousedAt15 · wall_segment Palisade Wall x1 |
| 5:09 | [Mushu] Elgo Lazo · wall_segment Palisade Wall x1 |
| 5:11 | [Mushu] Elgo Lazo · wall_segment Palisade Wall x1 |
| 5:18 | HousedAt15 · wall_segment Palisade Wall x1 |
| 5:21 | [Mushu] Elgo Lazo · wall_segment Palisade Wall x1 |
| 5:33 | HousedAt15 · wall_segment Palisade Wall x1 |
| 5:39 | HousedAt15 · wall_segment Palisade Wall x1 |
| 5:41 | HousedAt15 · wall_segment Palisade Wall x1 |
| 6:52 | HousedAt15 · wall_segment Palisade Wall x1 |
| 6:56 | HousedAt15 · wall_segment Palisade Wall x1 |
| 8:21 | HousedAt15 · wall_segment Palisade Wall x1 |
| 8:22 | [Mushu] Elgo Lazo · wall_segment Palisade Wall x1 |
| 8:50 | [Mushu] Elgo Lazo · wall_segment Palisade Wall x1 |
| 8:51 | HousedAt15 · wall_segment Palisade Wall x1 |
| 8:54 | [Mushu] Elgo Lazo · wall_segment Palisade Wall x1 |
| 8:54 | [Mushu] Elgo Lazo · wall_segment Palisade Wall x1 |
| 8:56 | [Mushu] Elgo Lazo · wall_segment Palisade Wall x1 |
| 8:57 | HousedAt15 · wall_segment Palisade Wall x1 |
| 8:59 | [CHI]InKiSiDoR · wall_segment Palisade Wall x3 |
| 8:59 | HousedAt15 · wall_segment Palisade Wall x1 |
| 9:04 | [Mushu] Elgo Lazo · wall_segment Palisade Wall x1 |
| 9:38 | HousedAt15 · wall_segment Palisade Wall x1 |
| 9:40 | HousedAt15 · wall_segment Palisade Wall x1 |
| 10:10 | [Mushu] el pepe · wall_segment Palisade Wall x1 |
| 10:17 | [Mushu] el pepe · wall_segment Palisade Wall x1 |
| 11:09 | [Mushu] Elgo Lazo · wall_segment Palisade Wall x1 |
| 11:11 | [Mushu] Elgo Lazo · wall_segment Palisade Wall x1 |
| 11:35 | [Mushu] Elgo Lazo · wall_segment Palisade Wall x1 |
| 11:39 | [Mushu] Elgo Lazo · wall_segment Palisade Wall x1 |
| 11:57 | таҗик · first_building Barracks |
| 12:18 | [Mushu] el pepe · age_up feudal |
| 12:28 | HousedAt15 · wall_segment Palisade Wall x1 |
| 12:54 | [CHI]InKiSiDoR · age_up feudal |
| 13:23 | таҗик · age_up feudal |
| 13:24 | таҗик · first_building Archery Range |
| 13:32 | Mati · first_building Barracks |
| 14:10 | [BÜN] Mr. Grüezi · age_up feudal |
| 14:19 | Mati · age_up feudal |
| 14:50 | [CHI]InKiSiDoR · wall_segment Palisade Wall x5 |
| 14:55 | [Mushu] Elgo Lazo · age_up feudal |
| 15:04 | [BÜN] Mr. Grüezi · first_market_sell 100 stone |
| 15:11 | [CHI]InKiSiDoR · wall_segment Palisade Wall x2 |
| 15:53 | HousedAt15 · first_building Barracks |
| 16:42 | [BÜN] Mr. Grüezi · age_up castle |
| 17:18 | таҗик · age_up castle |
| 17:39 | [CHI]InKiSiDoR · first_market_buy 100 stone |
| 17:42 | [CHI]InKiSiDoR · age_up castle |
| 17:48 | [BÜN] Mr. Grüezi · first_building Siege Workshop |
| 18:15 | [CHI]InKiSiDoR · first_building Castle |
| 18:15 | HousedAt15 · first_market_buy 100 food |
| 18:20 | HousedAt15 · first_market_sell 100 wood |
| 18:23 | pinneda · first_market_buy 100 wood |
| 18:24 | [CHI]InKiSiDoR · first_market_sell 100 wood |
| 18:24 | pinneda · first_market_sell 100 food |
| 18:43 | Mati · first_market_sell 100 wood |
| 19:14 | [BÜN] Mr. Grüezi · first_building Castle |
| 19:39 | HousedAt15 · first_building Archery Range |
| 19:43 | [Mushu] Elgo Lazo · first_market_sell 100 stone |
| 19:46 | [Mushu] Elgo Lazo · first_market_buy 100 food |
| 21:14 | [CHI]InKiSiDoR · first_building Siege Workshop |
| 21:24 | Mati · age_up castle |
| 22:21 | [Mushu] Elgo Lazo · wall_segment Palisade Wall x14 |
| 22:53 | [Mushu] Elgo Lazo · age_up castle |
| 22:53 | [Mushu] Elgo Lazo · wall_segment Palisade Wall x18 |
| 22:56 | [Mushu] el pepe · age_up castle |
| 23:52 | [Mushu] Elgo Lazo · wall_segment Palisade Wall x5 |
| 24:09 | таҗик · first_building Siege Workshop |
| 24:33 | [Mushu] Elgo Lazo · wall_segment Palisade Wall x2 |
| 24:44 | HousedAt15 · first_building Siege Workshop |
| 26:32 | таҗик · resign |
[ AI ANALYSIS · 1 CREDIT ]
What really happened in this match?
Wolo.gg analyzes every decision: build order, eco, micro, common mistakes by bracket. Personalized analysis on WhatsApp or Discord in 30 seconds.
Civ guide
Magyars
Perfil
Jugador #629010